 Dungeon Crawl Stone Soup version 0.18-a0-917-g8a3da5b (webtiles) character file.

127 Duffy the Conjurer (level 4, -4/27 HPs)
             Began as a High Elf Conjurer on Dec 26, 2015.
             Killed from afar by Dowan (7 damage)
             ... with a puff of flame
             ... on level 4 of the Dungeon.
             The game lasted 00:03:37 (3039 turns).

Duffy the Conjurer (High Elf Conjurer)              Turns: 3039, Time: 00:03:37

Health: -4/27      AC:  5    Str:  7    XL:     4   Next: 85%
Magic:  3/11       EV: 12    Int: 20    God:
Gold:   96         SH:  0    Dex: 15    Spells: 3 memorised, 4 levels left

rFire  . . .     SeeInvis .     (no weapon)
rCold  . . .     Gourm    .     q - +2 animal skin
rNeg   . . .     Faith    .     (no shield)
rPois  .         Spirit   .     r - +0 helmet
rElec  .         Dismiss  .     (no cloak)
rCorr  .         Reflect  .     (no gloves)
SustAt .         Harm     .     (no boots)
MR     .....                    (no amulet)
Stlth  ++........               (no ring)
                                (no ring)

@: not resistant to hostile enchantments, unstealthy
A: no striking features
a: no special abilities


You were on level 4 of the Dungeon.
You were not hungry.

You visited 1 branch of the dungeon, and saw 4 of its levels.

You collected 96 gold pieces.


   Skills:
 - Level 2.2 Dodging
 - Level 2.2 Stealth
 + Level 4.1 Spellcasting
 + Level 5.5 Conjurations
 * Level 1.1 Hexes


You had 4 spell levels left.
You knew the following spells:

 Your Spells              Type           Power        Failure   Level  Hunger
a - Magic Dart            Conj           ####         1%          1    None
l - Fulminant Prism       Conj/Hex       ###.......   38%         4    ####...
s - Searing Ray           Conj           ####..       1%          2    #......

Inventory:

Armour
 q - a +2 animal skin (worn)
 r - a +0 helmet (worn)
Scrolls
 a - a scroll of enchant armour {unknown}
 d - 2 scrolls of remove curse {unknown}
 e - 2 scrolls of identify {unknown}
 j - a scroll of fog {unknown}
 m - a scroll of magic mapping {unknown}
 n - a scroll of teleportation {unknown}
Potions
 g - a potion of cure mutation {unknown}
 h - a potion of brilliance {unknown}
 i - 2 potions of haste {unknown}
 k - a potion of curing {unknown}
 l - a potion of heal wounds {unknown}
 o - a potion of agility {unknown}
Books
 b - a book of Conjurations
Comestibles
 c - 2 bread rations
 f - a slice of pizza

Dungeon Overview and Level Annotations

Branches:
Dungeon (4/15)
 Temple: D:4-7

Altars:

Annotations:
D:3 Rayvis's ghost, amateur DsFi
D:4 Dowan; Duvessa


Message History

Dowan hits you but does no damage.
The searing ray misses Dowan.
Dowan hits you with a dagger of freezing.
Dowan freezes you.
The searing ray hits Dowan.
Dowan is heavily wounded.
Dowan hits you with a dagger of freezing.
Dowan freezes you.
The searing ray hits Dowan.
Dowan is severely wounded.
Dowan hits you with a dagger of freezing.
Dowan freezes you.
Cast which spell? (? or * to list)
Aiming: Magic Dart
Press: ? - help, Shift-Dir - straight line, f/p - Dowan
Aim: Dowan, wielding a dagger of freezing and wearing a glowing robe (severely wounded)
The magic dart hits Dowan.
Dowan is severely wounded.
Dowan completely misses you.
Cast which spell? (? or * to list)
Aiming: Magic Dart
Press: ? - help, Shift-Dir - straight line, f/p - Dowan
Aim: Dowan, wielding a dagger of freezing and wearing a glowing robe (severely wounded)
The magic dart hits Dowan.
Dowan is severely wounded.
Dowan closely misses you.
Cast which spell? (? or * to list)
Aiming: Magic Dart
Press: ? - help, Shift-Dir - straight line, f/p - Dowan
Aim: Dowan, wielding a dagger of freezing and wearing a glowing robe (severely wounded)
The magic dart hits Dowan.
Dowan is almost dead.
Dowan gestures at you while chanting. The puff of flame hits you!
You die...

# #############
...0........#
##..........#
#..........##
#########...####
###.))[## #
####)@# ######
## # ##e#
...#.... .. #.#
##.#.#. .#. #..
# ... .... ####
# .#.....
####.......
...e.#
####.......


You could see Dowan.

Action                   |  1- 3 |  4- 6 || total
-------------------------+-------+-------++-------
 Cast: Magic Dart        |    89 |    28 ||   117
       Searing Ray       |     1 |     6 ||     7
  Eat: Chunk             |     3 |     3 ||     6

Notes
Turn   | Place    | Note
--------------------------------------------------------------
     0 | D:1      | Duffy the High Elf Conjurer began the quest for the Orb.
     0 | D:1      | Reached XP level 1. HP: 11/11 MP: 4/4
   332 | D:1      | Reached XP level 2. HP: 17/17 MP: 4/6
   438 | D:1      | Learned a level 2 spell: Searing Ray
   470 | D:1      | Reached skill level 3 in Spellcasting
   856 | D:1      | Reached skill level 5 in Conjurations
   914 | D:1      | Reached XP level 3. HP: 21/21 MP: 5/8
  1974 | D:2      | Reached XP level 4. HP: 27/27 MP: 6/10
  2196 | D:2      | Learned a level 4 spell: Fulminant Prism
  2370 | D:2      | Reached skill level 4 in Spellcasting
  2660 | D:3      | Noticed Rayvis's ghost (amateur DsFi)
  2694 | D:4      | Noticed Robin
  2911 | D:4      | Killed Robin
  2911 | D:4      | Reached skill level 1 in Hexes
  2995 | D:4      | Noticed Duvessa
  2995 | D:4      | Noticed Dowan
  3039 | D:4      | Killed from afar by Dowan

Vault maps used:
D:1:      lightli_arrival_windingriver
D:3:      lemuel_doored_altar
D:4:      minmay_temple_entry_glass, serial_shops, nicolae_shop_stone,
          first_bread, uniq_duvessa, uniq_robin

Vanquished Creatures
  Robin
  4 adders
  2 oozes
  3 worms
  7 bats
  7 giant cockroaches
  10 hobgoblins
  3 jackals
  6 kobolds
  A giant gecko
  2 giant newts
  12 goblins
  8 rats
66 creatures vanquished.
